[Event "UKR-ch 1/2 final"]
[Site "Omelnyk UKR"]
[Date "2021.09.22"]
[Round "1.7"]
[White "Chubar, Vladimir"]
[Black "Golubka, Petro"]
[Result "0-1"]
[ECO "A40"]
[WhiteElo "1839"]
[BlackElo "2438"]
[WhiteFideId "-1"]
[BlackFideId "-1"]
[PlyCount "98"]
[GameId "2129404731239596"]
[EventDate "2021.09.22"]
[EventType "swiss"]
[EventRounds "9"]
[EventCountry "UKR"]
[SourceTitle "10 Days #664"]
[Source "ChessMix"]
[SourceDate "2021.10.01"]
[SourceVersion "1"]
[SourceVersionDate "2021.10.01"]
[SourceQuality "1"]
[TimeControl "40/5400+30:1800+30"]

1. d4 b6 2. Bf4 Bb7 3. e3 e6 4. Nf3 Be7 5. Bd3 d6 6. c4 g5 7. Bg3 g4 8. Nfd2 Bxg2 9. Rg1 Bh3 10. f4 Nf6 11. e4 Nc6 12. d5 Nd4 13. Nc3 c5 14. dxc6 Nxc6 15. Qa4 Rc8 16. O-O-O Nd7 17. Nb3 a6 18. Bf2 Qc7 19. Kb1 h5 20. e5 O-O 21. Nd5 exd5 22. cxd5 Ncxe5 23. fxe5 Nxe5 24. Bf5 Qc4 25. Qxc4 Rxc4 26. Bxb6 Rb8 27. Ba5 Nf3 28. Rg3 Rf4 29. Bd7 h4 30. Rxh3 gxh3 31. Bxh3 Rf6 32. Bc3 Rg6 33. Nd4 Nxd4 34. Bxd4 Bf6 35. Bf5 Rh6 36. b3 Bxd4 37. Rxd4 Re8 38. Rg4+ Kf8 39. Be4 Re5 40. Rf4 Ke7 41. Kc2 f5 42. Bd3 a5 43. Rxf5 Rxf5 44. Bxf5 Rf6 45. Be6 Rf2+ 46. Kc3 Rxh2 47. a4 h3 48. Bf5 Rf2 49. Be4 h2 0-1

[Event "UKR-ch 1/2 final"]
[Site "Omelnyk UKR"]
[Date "2021.09.25"]
[Round "4.7"]
[White "Golubka, Petro"]
[Black "Shevchenko, Danylo"]
[Result "0-1"]
[ECO "C48"]
[WhiteElo "2438"]
[BlackElo "2195"]
[WhiteFideId "-1"]
[BlackFideId "-1"]
[PlyCount "58"]
[GameId "2129404731239629"]
[EventDate "2021.09.22"]
[EventType "swiss"]
[EventRounds "9"]
[EventCountry "UKR"]
[SourceTitle "10 Days #664"]
[Source "ChessMix"]
[SourceDate "2021.10.01"]
[SourceVersion "1"]
[SourceVersionDate "2021.10.01"]
[SourceQuality "1"]
[TimeControl "40/5400+30:1800+30"]

1. e4 e5 2. Nf3 Nc6 3. Nc3 Nf6 4. Bb5 Bc5 5. Nxe5 Nxe5 6. d4 a6 7. Be2 Bd6 8. f4 Nc6 9. e5 Bb4 10. exf6 Qxf6 11. Be3 Bxc3+ 12. bxc3 d5 13. c4 O-O 14. O-O Ne7 15. c3 Bf5 16. Bf2 Be4 17. g3 dxc4 18. Re1 Bd5 19. a4 Qc6 20. Bf1 Nf5 21. Re5 Nd6 22. a5 Ne4 23. Qe1 f6 24. Re7 Rae8 25. Rxe8 Rxe8 26. Qc1 Kh8 27. Qa3 Nxf2 28. Kxf2 Qe6 29. Qc1 Qe4 0-1

[Event "UKR-ch 1/2 final"]
[Site "Omelnyk UKR"]
[Date "2021.09.29"]
[Round "8.10"]
[White "Petrovskyi, Vadym"]
[Black "Golubka, Petro"]
[Result "1/2-1/2"]
[ECO "B09"]
[WhiteElo "2153"]
[BlackElo "2438"]
[WhiteFideId "-1"]
[BlackFideId "-1"]
[PlyCount "107"]
[GameId "2129404731239677"]
[EventDate "2021.09.22"]
[EventType "swiss"]
[EventRounds "9"]
[EventCountry "UKR"]
[SourceTitle "10 Days #664"]
[Source "ChessMix"]
[SourceDate "2021.10.01"]
[SourceVersion "1"]
[SourceVersionDate "2021.10.01"]
[SourceQuality "1"]
[TimeControl "40/5400+30:1800+30"]

1. e4 c6 2. d4 d6 3. Nc3 Nf6 4. f4 g6 5. Nf3 Bg7 6. e5 Nd5 7. Nxd5 cxd5 8. Bd3 Nc6 9. c3 dxe5 10. fxe5 f6 11. exf6 exf6 12. O-O O-O 13. Bf4 Re8 14. Qb3 Na5 15. Qb5 a6 16. Qc5 Nc6 17. Qa3 Bg4 18. Rae1 Qd7 19. Qb3 Bf8 20. Nd2 Be6 21. Re2 b5 22. Bg3 Kg7 23. Qc2 Rac8 24. Qb1 Bg4 25. Ref2 f5 26. Nb3 Bd6 27. Nc5 Qe7 28. Bxd6 Qxd6 29. Qc1 Ne5 30. Nb7 Qb6 31. dxe5 Rxe5 32. Qf4 Rce8 33. h3 Bxh3 34. gxh3 Qxb7 35. Qd4 Kg8 36. Bxf5 gxf5 37. Rg2+ Kf8 38. Rxf5+ Rxf5 39. Qh8+ Ke7 40. Re2+ Kd6 41. Qxe8 Qa7+ 42. Kh2 Rf2+ 43. Kg3 Rxe2 44. Qxe2 Qg7+ 45. Kf2 Qg6 46. a3 Kc5 47. b4+ Kd6 48. Qe3 Qf5+ 49. Kg3 Qe4 50. Qb6+ Ke5 51. Qc7+ Ke6 52. Qc8+ Ke5 53. Qc7+ Ke6 54. Qc8+ 1/2-1/2

[Event "UKR-ch"]
[Site "Kremenchuk UKR"]
[Date "2020.11.19"]
[Round "2.5"]
[White "Shevchenko, Kirill"]
[Black "Golubka, Petro"]
[Result "1-0"]
[ECO "B12"]
[WhiteElo "2592"]
[BlackElo "2487"]
[WhiteFideId "-1"]
[BlackFideId "-1"]
[PlyCount "95"]
[GameId "2129404743905565"]
[EventDate "2020.11.18"]
[EventType "swiss"]
[EventRounds "9"]
[EventCountry "UKR"]
[SourceTitle "10 Days #634"]
[Source "ChessMix"]
[SourceDate "2020.12.01"]
[SourceVersion "1"]
[SourceVersionDate "2020.12.01"]
[SourceQuality "1"]
[TimeControl "40/5400+30:1800+30"]

1. e4 c6 2. d4 d5 3. f3 e6 4. Nc3 Qb6 5. a3 Nf6 6. e5 Nfd7 7. f4 c5 8. Nf3 cxd4 9. Nxd4 Nc6 10. Nf3 a6 11. Bd3 Nc5 12. b4 Nxd3+ 13. Qxd3 Bd7 14. Be3 Qc7 15. Nd4 Rc8 16. Nxc6 Qxc6 17. Bd4 Qc4 18. O-O Be7 19. Qe3 O-O 20. Rf3 f6 21. f5 Rc6 22. Rf4 fxe5 23. Bxe5 Bg5 24. Qg3 Qxf4 25. Bxf4 Bxf4 26. Qxf4 Rxc3 27. Qd6 Bc8 28. fxe6 Rc6 29. Qxd5 Bxe6 30. Qe5 Re8 31. Rc1 Bf7 32. Qd4 Rec8 33. a4 b5 34. a5 h5 35. c3 Kh7 36. h3 Bg6 37. Re1 R8c7 38. Re3 Bf7 39. Rf3 Re6 40. Kh2 Rce7 41. Qc5 Bg6 42. Rf8 Re8 43. Rxe8 Rxe8 44. Qc6 Re2 45. Qxa6 Be4 46. Kg1 Rxg2+ 47. Kf1 Rg3 48. Qc8 1-0

[Event "UKR-ch"]
[Site "Kremenchuk UKR"]
[Date "2020.11.21"]
[Round "4.9"]
[White "Koziak, Vitali"]
[Black "Golubka, Petro"]
[Result "1-0"]
[ECO "B22"]
[WhiteElo "2428"]
[BlackElo "2487"]
[WhiteFideId "-1"]
[BlackFideId "-1"]
[PlyCount "43"]
[GameId "2129404743905577"]
[EventDate "2020.11.18"]
[EventType "swiss"]
[EventRounds "9"]
[EventCountry "UKR"]
[SourceTitle "10 Days #634"]
[Source "ChessMix"]
[SourceDate "2020.12.01"]
[SourceVersion "1"]
[SourceVersionDate "2020.12.01"]
[SourceQuality "1"]
[TimeControl "40/5400+30:1800+30"]

1. e4 c5 2. c3 d5 3. exd5 Qxd5 4. d4 Nc6 5. Nf3 Bf5 6. Be2 cxd4 7. cxd4 Bxb1 8. Rxb1 e6 9. O-O Qxa2 10. Be3 Nf6 11. Ne5 Qd5 12. Qa4 Bd6 13. Bf3 Ne4 14. Nc4 Bc7 15. Qa3 f5 16. Rbc1 Rd8 17. Rfd1 Kf7 18. Bg5 Rc8 19. Ne5+ Kg8 20. Rxc6 bxc6 21. Qe7 h6 22. Bf6 1-0

[Event "UKR-ch"]
[Site "Lutsk UKR"]
[Date "2019.12.10"]
[Round "1.5"]
[White "Kovchan, Alexander"]
[Black "Golubka, Petro"]
[Result "0-1"]
[ECO "D77"]
[WhiteElo "2572"]
[BlackElo "2479"]
[WhiteFideId "-1"]
[BlackFideId "-1"]
[PlyCount "98"]
[GameId "2129404752039162"]
[EventDate "2019.12.10"]
[EventType "tourn"]
[EventRounds "9"]
[EventCountry "UKR"]
[EventCategory "15"]
[SourceTitle "10 Days #600"]
[Source "Chess Mix"]
[SourceDate "2019.12.20"]
[SourceVersion "1"]
[SourceVersionDate "2019.12.20"]
[SourceQuality "1"]
[TimeControl "40/5400+30:1800+30"]

1. Nf3 d5 2. d4 Nf6 3. g3 g6 4. Bg2 Bg7 5. O-O O-O 6. c4 dxc4 7. Na3 c3 8. bxc3 c5 9. Bb2 Nc6 10. Re1 Qb6 11. Nc4 Qa6 12. Nfe5 Be6 13. Nxc6 bxc6 14. Ne5 Rab8 15. Qc1 Rfc8 16. Ba3 cxd4 17. cxd4 Nd5 18. Bc5 Qa4 19. Rd1 Rb5 20. Rd3 Bxe5 21. dxe5 Qa5 22. Ra3 Qc7 23. f4 Nb6 24. Bf1 a5 25. Bf2 c5 26. Rb1 Rxb1 27. Qxb1 Nd5 28. e4 Nb4 29. g4 Bxg4 30. Rc3 Rd8 31. Rxc5 Qd7 32. a3 Bh3 33. Be2 Qd2 34. Qe1 Qxf4 35. Rc3 Nc2 36. Qb1 Rd2 37. Qc1 Qxe4 38. Bf3 Nd4 39. Bxe4 Ne2+ 40. Kh1 Nxc1 41. Bg1 Ne2 42. Rxh3 Rd1 43. Rg3 Nxg3+ 44. hxg3 Ra1 45. Kg2 Rxa3 46. Bc5 Ra2+ 47. Kf3 e6 48. Ke3 a4 49. Bb1 Rg2 0-1

[Event "UKR-ch"]
[Site "Lutsk UKR"]
[Date "2019.12.12"]
[Round "3.3"]
[White "Moiseenko, Alexander"]
[Black "Golubka, Petro"]
[Result "1-0"]
[ECO "D35"]
[WhiteElo "2623"]
[BlackElo "2479"]
[WhiteFideId "-1"]
[BlackFideId "-1"]
[PlyCount "115"]
[GameId "2129404752039166"]
[EventDate "2019.12.10"]
[EventType "tourn"]
[EventRounds "9"]
[EventCountry "UKR"]
[EventCategory "15"]
[SourceTitle "10 Days #600"]
[Source "Chess Mix"]
[SourceDate "2019.12.20"]
[SourceVersion "1"]
[SourceVersionDate "2019.12.20"]
[SourceQuality "1"]
[TimeControl "40/5400+30:1800+30"]

1. d4 d5 2. c4 e6 3. Nc3 Nf6 4. Nf3 Nbd7 5. cxd5 exd5 6. Bg5 c6 7. e3 h6 8. Bh4 g5 9. Bg3 Nh5 10. Bd3 Nxg3 11. hxg3 Bg7 12. O-O O-O 13. b4 a6 14. a4 Qe7 15. b5 a5 16. Qb3 Rd8 17. Rfc1 Nf8 18. Ne2 Bd7 19. Rab1 Qd6 20. bxc6 bxc6 21. Qc2 Rdb8 22. Bf5 Bxf5 23. Qxf5 Nd7 24. Qc2 Rxb1 25. Rxb1 c5 26. Rb5 Bf8 27. Qd2 cxd4 28. Nfxd4 Qa3 29. Qc2 Nf6 30. Rb1 Ne4 31. Nb5 Qc5 32. Qxc5 Nxc5 33. Nbc3 Bg7 34. Rb5 Bxc3 35. Nxc3 Ne4 36. Nxd5 Kg7 37. g4 Rc8 38. f3 Rc1+ 39. Kh2 Nc5 40. Rxa5 Rc4 41. e4 Nxa4 42. Ne3 Rb4 43. Nf5+ Kg6 44. Ra8 Nc5 45. Rh8 Kf6 46. Rxh6+ Ke5 47. Nd6 Nd3 48. Nxf7+ Kf4 49. Rf6+ Ke3 50. Nxg5 Rb2 51. Ra6 Ne1 52. Ra3+ Kf4 53. Nh3+ Ke5 54. Ra5+ Kf6 55. g5+ Kg7 56. Ra7+ Kg6 57. Nf4+ Kxg5 58. Kg3 1-0

[Event "UKR-ch"]
[Site "Lutsk UKR"]
[Date "2019.12.13"]
[Round "4.3"]
[White "Golubka, Petro"]
[Black "Vysochin, Spartak"]
[Result "1/2-1/2"]
[ECO "B14"]
[WhiteElo "2479"]
[BlackElo "2512"]
[WhiteFideId "-1"]
[BlackFideId "-1"]
[PlyCount "41"]
[GameId "2129404752039167"]
[EventDate "2019.12.10"]
[EventType "tourn"]
[EventRounds "9"]
[EventCountry "UKR"]
[EventCategory "15"]
[SourceTitle "10 Days #600"]
[Source "Chess Mix"]
[SourceDate "2019.12.20"]
[SourceVersion "1"]
[SourceVersionDate "2019.12.20"]
[SourceQuality "1"]
[TimeControl "40/5400+30:1800+30"]

1. c4 c6 2. e4 d5 3. exd5 cxd5 4. d4 Nf6 5. Nc3 g6 6. Bg5 Bg7 7. Bxf6 Bxf6 8. cxd5 O-O 9. Qd2 e6 10. Bc4 exd5 11. Bxd5 Nc6 12. Nge2 Qb6 13. Rd1 Bg4 14. f3 Be6 15. O-O Rad8 16. Bxc6 bxc6 17. b3 Rfe8 18. Kh1 Bc8 19. Ne4 Bg7 20. Nc5 a5 21. Qc2 1/2-1/2

[Event "UKR-ch"]
[Site "Lutsk UKR"]
[Date "2019.12.14"]
[Round "5.4"]
[White "Bernadskiy, Vitaliy"]
[Black "Golubka, Petro"]
[Result "1-0"]
[ECO "D20"]
[WhiteElo "2593"]
[BlackElo "2479"]
[WhiteFideId "-1"]
[BlackFideId "-1"]
[PlyCount "169"]
[GameId "2129404752039168"]
[EventDate "2019.12.10"]
[EventType "tourn"]
[EventRounds "9"]
[EventCountry "UKR"]
[EventCategory "15"]
[SourceTitle "10 Days #600"]
[Source "Chess Mix"]
[SourceDate "2019.12.20"]
[SourceVersion "1"]
[SourceVersionDate "2019.12.20"]
[SourceQuality "1"]
[TimeControl "40/5400+30:1800+30"]

1. d4 d5 2. c4 dxc4 3. e4 Nc6 4. Nf3 Bg4 5. d5 Bxf3 6. gxf3 Ne5 7. f4 Nd3+ 8. Bxd3 cxd3 9. Nc3 Nf6 10. Be3 g6 11. Qxd3 c6 12. O-O-O Bg7 13. dxc6 Qxd3 14. Rxd3 bxc6 15. Rhd1 O-O 16. e5 Ng4 17. h3 Nxe3 18. fxe3 f6 19. e6 f5 20. Na4 Rab8 21. a3 a5 22. Rd7 Bf6 23. Kc2 Rfc8 24. R1d3 Kg7 25. Ra7 Rb5 26. Ra6 g5 27. fxg5 Bxg5 28. Nb6 Rb8 29. Nc4 Rc5 30. b3 Kf6 31. Rxa5 Rxa5 32. Nxa5 Ra8 33. b4 c5 34. Nc6 cxb4 35. axb4 Ra2+ 36. Kc3 Re2 37. Nd4 Rxe3 38. b5 Re1 39. Rf3 Rc1+ 40. Kd3 f4 41. Ke4 Rb1 42. Kd5 h5 43. Rd3 Bh4 44. Rf3 Bg5 45. Nb3 Rd1+ 46. Kc6 Kf5 47. Nc5 Bf6 48. b6 Be5 49. b7 Rd6+ 50. Kb5 Rd1 51. Rb3 h4 52. Ka6 Ra1+ 53. Kb6 Rd1 54. Na6 Rd6+ 55. Kb5 Rd5+ 56. Kc4 Rd4+ 57. Kc5 Rd1 58. Rb5 f3 59. Kb6 Rd8 60. Nb4 f2 61. Rxe5+ Kxe5 62. Nc6+ Kxe6 63. Nxd8+ Kd7 64. b8=Q f1=Q 65. Qc7+ Ke8 66. Nc6 Qb1+ 67. Ka7 Qa2+ 68. Kb7 Qb3+ 69. Ka8 Qa3+ 70. Kb8 Qb3+ 71. Qb7 Qg3+ 72. Ka8 Qa3+ 73. Qa7 Qxa7+ 74. Kxa7 Kf7 75. Ne5+ Kf6 76. Nf3 e5 77. Kb6 e4 78. Ng1 Ke5 79. Kc5 e3 80. Kc4 e2 81. Nxe2 Ke4 82. Ng1 Ke3 83. Kd5 Kf2 84. Ke4 Kxg1 85. Kf3 1-0

[Event "UKR-ch"]
[Site "Lutsk UKR"]
[Date "2019.12.16"]
[Round "6.4"]
[White "Golubka, Petro"]
[Black "Eljanov, Pavel"]
[Result "1/2-1/2"]
[ECO "B68"]
[WhiteElo "2479"]
[BlackElo "2663"]
[WhiteFideId "-1"]
[BlackFideId "-1"]
[PlyCount "99"]
[GameId "2129404752039169"]
[EventDate "2019.12.10"]
[EventType "tourn"]
[EventRounds "9"]
[EventCountry "UKR"]
[EventCategory "15"]
[SourceTitle "10 Days #600"]
[Source "Chess Mix"]
[SourceDate "2019.12.20"]
[SourceVersion "1"]
[SourceVersionDate "2019.12.20"]
[SourceQuality "1"]
[TimeControl "40/5400+30:1800+30"]

1. e4 c5 2. Nf3 Nc6 3. d4 cxd4 4. Nxd4 Nf6 5. Nc3 d6 6. Bg5 e6 7. Qd2 a6 8. O-O-O Be7 9. f4 Bd7 10. Nf3 b5 11. Bd3 b4 12. Ne2 h6 13. Bh4 a5 14. Ned4 Nxd4 15. Nxd4 Rc8 16. Rhe1 O-O 17. g4 Qb6 18. g5 hxg5 19. Bxg5 Qxd4 20. e5 g6 21. Bxf6 Bxf6 22. exf6 Qxf6 23. h4 Rc5 24. Be4 d5 25. Bd3 Rfc8 26. Kb1 Kf8 27. h5 gxh5 28. Qh2 h4 29. f5 exf5 30. Qf4 Bb5 31. Bxb5 Rxb5 32. b3 Rbc5 33. Re2 h3 34. Rd3 d4 35. Rh2 Rc3 36. Rdxh3 Rxh3 37. Rxh3 Re8 38. Rh1 Re5 39. a4 bxa3 40. Ka2 a4 41. bxa4 Qe6+ 42. Kxa3 Qd6+ 43. Ka2 d3 44. Rh8+ Kg7 45. Qh4 Qe6+ 46. Kb2 Qb6+ 47. Ka2 Qe6+ 48. Kb2 Qb6+ 49. Ka2 Qe6+ 50. Kb2 1/2-1/2

[Event "Kvibergspelen op"]
[Site "Kvibergspelen SWE"]
[Date "2019.09.27"]
[Round "1.5"]
[White "Golubka, Petro"]
[Black "Olsson, Thomas"]
[Result "1-0"]
[ECO "C74"]
[WhiteElo "2479"]
[BlackElo "1956"]
[WhiteFideId "-1"]
[BlackFideId "-1"]
[PlyCount "69"]
[GameId "2129404754935292"]
[EventDate "2019.09.27"]
[EventType "swiss"]
[EventRounds "8"]
[EventCountry "SWE"]
[SourceTitle "10 Days #592"]
[Source "ChessMix"]
[SourceDate "2019.10.01"]
[SourceVersion "1"]
[SourceVersionDate "2019.10.01"]
[SourceQuality "1"]
[TimeControl "15/90+5:0"]
[WhiteClock "0:03:47"]
[BlackClock "0:05:25"]

1. e4 e5 2. Nf3 Nc6 3. Bb5 a6 4. Ba4 d6 5. c3 Nge7 6. d3 Ng6 7. O-O Be7 8. d4 O-O 9. Be3 h6 10. Nbd2 b5 11. Bb3 Bg5 12. Nxg5 hxg5 13. Qh5 Nf4 14. Bxf4 gxf4 15. Nf3 Qf6 16. Ng5 Qh6 17. Bxf7+ Kh8 18. d5 Nd8 19. h4 Bd7 20. Rad1 Qxh5 21. Bxh5 Rf6 22. g3 g6 23. Be2 Nf7 24. Nf3 Bh3 25. Rfe1 Bg4 26. Nh2 Bxe2 27. Rxe2 g5 28. Ng4 Rg6 29. h5 Rg7 30. Kg2 Rh7 31. Rh1 Kg7 32. c4 Rah8 33. cxb5 axb5 34. Rc2 Rc8 35. Rhc1 1-0

[Event "Kvibergspelen op"]
[Site "Kvibergspelen SWE"]
[Date "2019.09.27"]
[Round "2.5"]
[White "Troberg Eskola, Love"]
[Black "Golubka, Petro"]
[Result "0-1"]
[ECO "B11"]
[WhiteElo "2143"]
[BlackElo "2479"]
[WhiteFideId "-1"]
[BlackFideId "-1"]
[PlyCount "84"]
[GameId "2129404755000847"]
[EventDate "2019.09.27"]
[EventType "swiss"]
[EventRounds "8"]
[EventCountry "SWE"]
[SourceTitle "10 Days #592"]
[Source "ChessMix"]
[SourceDate "2019.10.01"]
[SourceVersion "1"]
[SourceVersionDate "2019.10.01"]
[SourceQuality "1"]
[TimeControl "15/90+5:0"]
[WhiteClock "0:06:14"]
[BlackClock "0:00:17"]

1. e4 c6 2. Nc3 d5 3. Nf3 a6 4. h3 g6 5. d4 dxe4 6. Nxe4 Bg7 7. Bf4 Bf5 8. Qe2 Bxe4 9. Qxe4 Nf6 10. Qd3 Nd5 11. Bd2 Nd7 12. c4 N5f6 13. Be2 O-O 14. O-O Qc7 15. Rfe1 Rad8 16. Bf1 Rfe8 17. Qa3 e5 18. Ba5 b6 19. dxe5 Nxe5 20. Rxe5 Rxe5 21. Bxb6 Qxb6 22. Nxe5 Ne4 23. c5 Nxc5 24. Nc4 Qa7 25. Rc1 Ne4 26. Qe3 Qxe3 27. Nxe3 c5 28. b3 a5 29. Nc4 Bd4 30. Rc2 Ra8 31. Bd3 Nf6 32. Re2 Kf8 33. g4 Ra7 34. Nd6 Rd7 35. Nc4 Nd5 36. Re4 Nc3 37. Re1 Nxa2 38. Re2 Nc1 39. Rd2 Nxd3 40. Rxd3 Bxf2+ 41. Kxf2 Rxd3 42. Nxa5 Rxh3 0-1

[Event "Kvibergspelen op"]
[Site "Kvibergspelen SWE"]
[Date "2019.09.27"]
[Round "3.4"]
[White "Golubka, Petro"]
[Black "Lindbol, Aleksander"]
[Result "1-0"]
[ECO "B12"]
[WhiteElo "2479"]
[BlackElo "2216"]
[WhiteFideId "-1"]
[BlackFideId "-1"]
[PlyCount "55"]
[GameId "2129404755000866"]
[EventDate "2019.09.27"]
[EventType "swiss"]
[EventRounds "8"]
[EventCountry "SWE"]
[SourceTitle "10 Days #592"]
[Source "ChessMix"]
[SourceDate "2019.10.01"]
[SourceVersion "1"]
[SourceVersionDate "2019.10.01"]
[SourceQuality "1"]
[TimeControl "15/90+5:0"]
[WhiteClock "0:04:53"]
[BlackClock "0:04:43"]

1. e4 c6 2. d4 d5 3. e5 Bf5 4. Nc3 e6 5. g4 Bg6 6. Nge2 Ne7 7. Nf4 c5 8. h4 cxd4 9. Nb5 Nec6 10. h5 Be4 11. f3 a6 12. Nd6+ Bxd6 13. exd6 g5 14. Nh3 Qxd6 15. Bg2 Qg3+ 16. Kf1 f5 17. fxe4 fxe4 18. Kg1 Ne5 19. Nxg5 Rf8 20. Rh3 Qf2+ 21. Kh1 e3 22. Bxe3 dxe3 23. Nxe6 e2 24. Qe1 Nxg4 25. Nxf8 Qxe1+ 26. Rxe1 Nf2+ 27. Kh2 Nxh3 28. Ne6 1-0

[Event "Kvibergspelen op"]
[Site "Kvibergspelen SWE"]
[Date "2019.09.27"]
[Round "4.2"]
[White "Lyngsjo, Hakan"]
[Black "Golubka, Petro"]
[Result "0-1"]
[ECO "B51"]
[WhiteElo "2031"]
[BlackElo "2479"]
[WhiteFideId "-1"]
[BlackFideId "-1"]
[PlyCount "42"]
[GameId "2129404755009076"]
[EventDate "2019.09.27"]
[EventType "swiss"]
[EventRounds "8"]
[EventCountry "SWE"]
[SourceTitle "10 Days #592"]
[Source "ChessMix"]
[SourceDate "2019.10.01"]
[SourceVersion "1"]
[SourceVersionDate "2019.10.01"]
[SourceQuality "1"]
[TimeControl "15/90+5:0"]
[WhiteClock "0:10:55"]
[BlackClock "0:08:20"]

1. e4 c5 2. Nf3 d6 3. Bb5+ Nd7 4. O-O Ngf6 5. d4 cxd4 6. Qxd4 a6 7. Bxd7+ Bxd7 8. c4 g6 9. Nc3 Bg7 10. b3 O-O 11. Bb2 Bc6 12. Qd3 Rc8 13. Nd5 Nxd5 14. Bxg7 Nf4 15. Qd2 Nh3+ 16. gxh3 Kxg7 17. h4 e5 18. Rfe1 Qd7 19. Kh1 f5 20. h5 fxe4 21. h6+ Kh8 0-1

[Event "Kvibergspelen op"]
[Site "Kvibergspelen SWE"]
[Date "2019.09.28"]
[Round "5.1"]
[White "Golubka, Petro"]
[Black "Hector, Jonny"]
[Result "0-1"]
[ECO "C45"]
[WhiteElo "2479"]
[BlackElo "2477"]
[WhiteFideId "-1"]
[BlackFideId "-1"]
[PlyCount "62"]
[GameId "2129404755009095"]
[EventDate "2019.09.27"]
[EventType "swiss"]
[EventRounds "8"]
[EventCountry "SWE"]
[SourceTitle "10 Days #592"]
[Source "ChessMix"]
[SourceDate "2019.10.01"]
[SourceVersion "1"]
[SourceVersionDate "2019.10.01"]
[SourceQuality "1"]
[TimeControl "15/90+5:0"]
[WhiteClock "0:18:31"]
[BlackClock "0:23:19"]

1. e4 e5 2. Nf3 Nc6 3. d4 exd4 4. Nxd4 Nf6 5. Nxc6 bxc6 6. e5 Qe7 7. Qe2 Nd5 8. h4 a5 9. c4 Ba6 10. Nd2 g6 11. Qe4 f5 12. exf6 Nxf6 13. Qxe7+ Bxe7 14. Bd3 O-O 15. O-O d5 16. b3 Ng4 17. Nf3 Bc5 18. Bg5 dxc4 19. Bxc4+ Bxc4 20. bxc4 Rab8 21. Bd2 a4 22. Ba5 Rb2 23. Bxc7 Bxf2+ 24. Kh1 Bc5 25. Bg3 Ne3 26. Rf2 a3 27. Rxb2 axb2 28. Rb1 Nxc4 29. Ne5 Nxe5 30. Bxe5 Ba3 31. Kg1 Re8 0-1

[Event "Kvibergspelen op"]
[Site "Kvibergspelen SWE"]
[Date "2019.09.28"]
[Round "6.5"]
[White "Petersson, Baldur Teodor"]
[Black "Golubka, Petro"]
[Result "0-1"]
[ECO "B12"]
[WhiteElo "2238"]
[BlackElo "2479"]
[WhiteFideId "-1"]
[BlackFideId "-1"]
[PlyCount "84"]
[GameId "2129404755009119"]
[EventDate "2019.09.27"]
[EventType "swiss"]
[EventRounds "8"]
[EventCountry "SWE"]
[SourceTitle "10 Days #592"]
[Source "ChessMix"]
[SourceDate "2019.10.01"]
[SourceVersion "1"]
[SourceVersionDate "2019.10.01"]
[SourceQuality "1"]
[TimeControl "15/90+5:0"]
[WhiteClock "0:24:52"]
[BlackClock "0:41:05"]

1. e4 c6 2. d4 d5 3. e5 Bf5 4. h4 h5 5. Bd3 Bxd3 6. Qxd3 e6 7. Bg5 Qa5+ 8. Nd2 Qa6 9. c4 Bb4 10. b3 Nd7 11. Ngf3 Ne7 12. O-O Nf5 13. a3 Bxd2 14. Nxd2 O-O 15. Rfd1 Rac8 16. Nf3 Rfe8 17. Rab1 Nb6 18. c5 Qxd3 19. Rxd3 Nd7 20. b4 b6 21. Rdb3 f6 22. Bf4 Kf7 23. a4 Ne7 24. a5 b5 25. Re1 Nf5 26. Rb2 Nf8 27. Rbe2 Ng6 28. Bg3 Re7 29. exf6 gxf6 30. Kh2 Rce8 31. Kh3 Kg8 32. Kh2 Nf8 33. Rc2 Rg7 34. Bd6 Rg4 35. Rce2 Ng6 36. Bg3 Kf7 37. Rd2 a6 38. Kh3 Rg8 39. Rd3 Nfxh4 40. Rde3 Nxf3 41. gxf3 Rxd4 42. Rxe6 Rh4+ 0-1

[Event "Kvibergspelen op"]
[Site "Kvibergspelen SWE"]
[Date "2019.09.29"]
[Round "7.2"]
[White "Golubka, Petro"]
[Black "Sorensen, Hampus"]
[Result "1-0"]
[ECO "A21"]
[WhiteElo "2479"]
[BlackElo "2319"]
[WhiteFideId "-1"]
[BlackFideId "-1"]
[PlyCount "53"]
[GameId "2129404755009136"]
[EventDate "2019.09.27"]
[EventType "swiss"]
[EventRounds "8"]
[EventCountry "SWE"]
[SourceTitle "10 Days #592"]
[Source "ChessMix"]
[SourceDate "2019.10.01"]
[SourceVersion "1"]
[SourceVersionDate "2019.10.01"]
[SourceQuality "1"]
[TimeControl "15/90+5:0"]
[WhiteClock "0:25:06"]
[BlackClock "0:45:28"]

1. c4 e5 2. Nc3 Bb4 3. Nd5 Bc5 4. Nf3 c6 5. Nc3 d6 6. e3 Qe7 7. Be2 e4 8. Nd4 Nf6 9. d3 exd3 10. Qxd3 Nbd7 11. O-O Ne5 12. Qc2 O-O 13. Rd1 Rd8 14. b3 d5 15. cxd5 cxd5 16. Bb2 Bd7 17. Nf5 Qe6 18. Nxd5 Rac8 19. Nf4 Qe8 20. Qb1 Bc6 21. Nxg7 Kxg7 22. Qf5 Nfd7 23. Rxd7 Bxd7 24. Bxe5+ Kf8 25. Qg5 f6 26. Qh6+ Kg8 27. Bc4+ 1-0

[Event "Kvibergspelen op"]
[Site "Kvibergspelen SWE"]
[Date "2019.09.29"]
[Round "8.1"]
[White "Golubka, Petro"]
[Black "Hillarp Persson, Tiger"]
[Result "1/2-1/2"]
[ECO "B40"]
[WhiteElo "2479"]
[BlackElo "2558"]
[WhiteFideId "-1"]
[BlackFideId "-1"]
[PlyCount "30"]
[GameId "2129404755009155"]
[EventDate "2019.09.27"]
[EventType "swiss"]
[EventRounds "8"]
[EventCountry "SWE"]
[SourceTitle "10 Days #592"]
[Source "ChessMix"]
[SourceDate "2019.10.01"]
[SourceVersion "1"]
[SourceVersionDate "2019.10.01"]
[SourceQuality "1"]
[TimeControl "15/90+5:0"]
[WhiteClock "0:38:14"]
[BlackClock "1:13:54"]

1. e4 c5 2. Nf3 e6 3. b3 Nc6 4. Bb2 Nf6 5. e5 Ng4 6. h3 Nh6 7. Bd3 f6 8. Be4 Nxe5 9. Nxe5 fxe5 10. Bxe5 Qg5 11. Bg3 Nf5 12. Bxf5 Qxf5 13. Nc3 b6 14. Nb5 Bb7 15. O-O Kf7 1/2-1/2

[Event "SS Manhem GM"]
[Site "Molnlycke SWE"]
[Date "2019.08.12"]
[Round "4.2"]
[White "Golubka, Petro"]
[Black "Blomqvist, Erik"]
[Result "0-1"]
[ECO "B43"]
[WhiteElo "2479"]
[BlackElo "2507"]
[WhiteFideId "-1"]
[BlackFideId "-1"]
[PlyCount "38"]
[GameId "2129404756300503"]
[EventDate "2019.08.10"]
[EventType "swiss"]
[EventRounds "9"]
[EventCountry "SWE"]
[EventCategory "8"]
[SourceTitle "10 Days #588"]
[Source "ChessMix"]
[SourceDate "2019.08.20"]
[SourceVersion "1"]
[SourceVersionDate "2019.08.20"]
[SourceQuality "1"]
[TimeControl "90+30"]
[WhiteClock "0:26:09"]
[BlackClock "0:26:54"]

1. e4 c5 2. Nf3 e6 3. Nc3 a6 4. d4 cxd4 5. Nxd4 b5 6. Be3 Bb7 7. f3 Nf6 8. Qd2 b4 9. Na4 d5 10. exd5 Nxd5 11. Bc4 Nd7 12. O-O-O Be7 13. Nf5 O-O 14. Nxe7+ Qxe7 15. Bd4 Rfc8 16. Bb3 Bc6 17. Rhe1 Qd8 18. Kb1 Qa5 19. Qg5 Nc3+ 0-1